 Seeded DCSS version 0.30-a0-368-g86fb4627a9 (webtiles) character file.

Game seed: 4866231847754521613 (custom seed)

252 purpskrrrp the Ducker (level 5, -2/48 HPs)
             Began as a Minotaur Monk on Nov 18, 2022.
             Was a Believer of Wu Jian.
             Succumbed to Duvessa's poison
             ... on level 4 of the Dungeon.
             The game lasted 00:03:38 (2821 turns).

purpskrrrp the Ducker (Minotaur Monk)               Turns: 2821, Time: 00:03:38

Health: -2/48      AC:  2    Str: 18    XL:     5   Next: 89%
Magic:  4/4        EV: 14    Int:  7    God:    Wu Jian [**....]
Gold:   254        SH:  0    Dex: 12    Spells: 4/4 levels left

rFire   + . .      SeeInvis .    l - +3 broad axe (drain)
rCold   . . .      Faith    .    (no shield)
rNeg    . . .      Spirit   .    b - +0 robe
rPois   .          Reflect  .    (helmet unavailable)
rElec   .          Harm     .    (no cloak)
rCorr   .          Rampage  .    (no gloves)
Will    .....                    (no boots)
Stlth   +.........               (no amulet)
HPRegen 0.28/turn                (no ring)
MPRegen 0.09/turn                (no ring)

@: confused, lethally poisoned (-2 -> -32), exhausted, ambrosia-drunk, studying
Dodging
A: horns 3, retaliatory headbutt, fire resistance 1
a: Renounce Religion, Wall Jump


You were on level 4 of the Dungeon.
You worshipped Wu Jian.
Wu Jian was pleased with you.
You visited 1 branch of the dungeon, and saw 4 of its levels.

You collected 254 gold pieces.

Inventory:

Hand Weapons
 a - a +0 hand axe
 l - a +3 broad axe of draining (weapon)
Armour
 b - a +0 robe (worn)
Jewellery
 j - a ring of ice
 k - a ring of see invisible
Wands
 u - a wand of flame (15)
Scrolls
 f - 2 scrolls of enchant armour {unknown}
 g - 3 scrolls of teleportation {unknown}
 h - 6 scrolls of identify {unknown}
 i - 2 scrolls of magic mapping {unknown}
 o - 2 scrolls of poison {unknown}
 p - a scroll of noise {unknown}
 q - a scroll of brand weapon {unknown}
 r - a scroll of amnesia {unknown}
 s - a scroll of torment {unknown}
Potions
 d - 3 potions of lignification {unknown}
 e - 2 potions of degeneration {unknown}
 m - 2 potions of mutation
 n - a potion of attraction {unknown}
 t - a potion of curing {unknown}
 v - a potion of resistance {unknown}
 w - 2 potions of haste {unknown}


   Skills:
 + Level 5.4 Fighting
 + Level 5.5 Axes
 + Level 5.6 Dodging
 - Level 1.5 Stealth


You had 4 spell levels left.
You didn't know any spells.
Your spell library was empty.

Dungeon Overview and Level Annotations

Branches:
Dungeon (4/15)
 Temple: D:4-7

Altars:
Hepliaklqana
Wu Jian

Annotations:
D:4 Duvessa


Innate Abilities, Weirdness & Mutations

You have a pair of large horns on your head.
You reflexively headbutt those who attack you in melee.
Your flesh is heat resistant. (rF+)


Message History

You kill Dowan!
The Council accepts your kill.
Duvessa screams, "No!
How DARE you!"
Duvessa goes berserk!
You closely miss Duvessa.
Duvessa hits you with a +2 short sword of venom.
You are poisoned.
Duvessa misses you.
You slash Duvessa!
Duvessa is lightly wounded.
You feel very sick.
Duvessa hits you with a +2 short sword of venom!
Duvessa completely misses you. You furiously retaliate!
You headbutt Duvessa, but do no damage.
You are too injured to fight recklessly!
You are too injured to fight recklessly!
You are too injured to fight recklessly!
You are too injured to fight recklessly!
You are too injured to fight recklessly!
You are too injured to fight recklessly!
You are too injured to fight recklessly!
You are too injured to fight recklessly!
You are too injured to fight recklessly!
You are too injured to fight recklessly!
You are too injured to fight recklessly!
You are too injured to fight recklessly!
You are too injured to fight recklessly!
You are too injured to fight recklessly!
You are too injured to fight recklessly!
You are too injured to fight recklessly!
You completely miss Duvessa. You headbutt Duvessa.
Duvessa is moderately wounded.
You feel very sick.
Duvessa hits you with a +2 short sword of venom.
You are lethally poisoned!
Duvessa hits you with a +2 short sword of venom!
* * * LOW HITPOINT WARNING * * *
You are more poisoned.
You are confused.
You feel invigorated.
You die...

#####...#######
..............#
.............##
............##
#####...######
#...###..##
#.........#
#...###.#.#
#>[.# #@# ..
#.....e)# ...
###.##..# ...
#.##... #.
#......
####.##. .. .
.. ..


You could see Duvessa (berserk).

Vanquished Creatures
  Dowan (D:4)
  An orc wizard (D:3)
  An iguana (D:2)
  Natasha (D:4)
  4 adders
  2 dart slugs (D:1)
  9 orcs
  7 endoplasms
  2 giant cockroaches (D:3)
  6 goblins
  7 hobgoblins
  4 jackals (D:1)
  7 kobolds
  2 quokkas
  5 ball pythons
  10 bats
  A frilled lizard (D:1)
  7 rats
77 creatures vanquished.

Vanquished Creatures (others)
  4 withered plants (D:3)
4 creatures vanquished.

Grand Total: 81 creatures vanquished

Notes
Turn   | Place    | Note
-------+----------+-------------------------------------------
     0 | D:1      | purpskrrrp the Minotaur Monk began the quest for the Orb.
     0 | D:1      | Reached XP level 1. HP: 19/19 MP: 0/0
   142 | D:1      | Reached XP level 2. HP: 16/27 MP: 1/1
   281 | D:1      | Gained mutation: Your flesh is heat resistant. (rF+)
                  | [potion of mutation]
   281 | D:1      | Gained mutation: You have a pair of large horns on your
                  | head. [potion of mutation]
   582 | D:1      | Reached XP level 3. HP: 27/33 MP: 2/2
   934 | D:1      | Identified a scroll of acquirement
   934 | D:1      | Acquired a +3 broad axe of draining
  1030 | D:2      | Reached XP level 4. HP: 34/41 MP: 3/3
  1772 | D:3      | Acquired a manual of Dodging
  1797 | D:3      | Found a hazy altar of Hepliaklqana.
  2204 | D:3      | Reached skill level 5 in Fighting
  2204 | D:3      | Reached skill level 5 in Axes
  2204 | D:3      | Reached XP level 5. HP: 44/48 MP: 4/4
  2384 | D:3      | Found a faded altar of an unknown god.
  2619 | D:3      | Reached skill level 5 in Dodging
  2687 | D:3      | Prayed at the altar of an unknown god.
  2687 | D:3      | Became a worshipper of the Wu Jian Council
  2687 | D:3      | Reached * piety under Wu Jian
  2687 | D:3      | Reached ** piety under Wu Jian
  2701 | D:4      | Noticed Natasha
  2705 | D:4      | Killed Natasha
  2722 | D:4      | Reached *** piety under Wu Jian
  2814 | D:4      | Noticed Dowan
  2814 | D:4      | Noticed Duvessa
  2818 | D:4      | Killed Dowan
  2820 | D:4      | HP: 1/48 [Duvessa/+2 short sword of venom (14)]
  2821 | D:4      | Succumbed to Duvessa's poison

Illustrated notes

Levels and vault maps discovered:
D:1:      dpeg_arrival_arbitrary_c, layout_basic
D:2:      layout_loops_ring, kennysheep_minor_cross
D:3:      minmay_chambers_of_twos, layout_loops_ring, overflow_temple_1_default,
          ebering_ecumenical_altar_petrified
D:4:      layout_loops_cross, gammafunk_temple_overflow_elements, dk_vineyard_3,
          uniq_grinder, uniq_natasha, uniq_duvessa

Skill      XL: |  1  2  3  4  5 |
---------------+----------------+-----
Fighting       | 4 5 |  5.4
Axes           | 4 5 |  5.5
Dodging        | 4 5 |  5.6
Stealth        | |  1.5

Action                   |  1- 3 |  4- 6 || total
-------------------------+-------+-------++-------
Melee: Hand axe          |    59 |       ||    59
       Headbutt          |    10 |     8 ||    18
       Broad axe         |    11 |    63 ||    74
Invok: Lunge             |       |     2 ||     2
       Serpent's Lash    |       |     1 ||     1
  Use: Potion            |     1 |     1 ||     2
       Scroll            |     1 |     1 ||     2
 Stab: Sleeping          |       |     7 ||     7
Armor: Robe              |    19 |    15 ||    34
Dodge: Dodged            |    76 |    36 ||   112

Table legend: (Time is in decaauts)
 A = Elapsed time spent in this place.
 B = Non-inter-level travel time spent in this place.
 C = Inter-level travel time spent in this place.
 D = Time resting spent in this place.
 E = Time spent auto-exploring this place.
 F = Levels seen in this place.
 G = Mean time per level.
                   A        B        C        D        E       F      G
               +--------+--------+--------+--------+--------+-----+--------+
         Total |   2852 |   2714 |    138 |    159 |   2132 |   4 |  713.0 |
       Dungeon |   2852 |   2714 |    138 |    159 |   2132 |   4 |  713.0 |
               +--------+--------+--------+--------+--------+-----+--------+

Top non-repeatable levels by time:
     D:3: 952 daAuts
     D:1: 950 daAuts
     D:2: 824 daAuts
     D:4: 125 daAuts
